Map: Cosmic Sapphire

Players

ShoWTimE - Winner!

  • Race: Protoss Protoss
  • Spawn Location: 11:00

Neeb

  • Race: Protoss Protoss
  • League: Grandmaster
  • Spawn Location: 5:00

Event: TSL 9

VOD

Have the link to the VOD?

Description

Time

  • Played on: Aug. 7, 2022, 9:34 a.m.
  • Length: 5:35
Show
View Real Time Build Order
Export as new Build Order

ShoWTimE Protoss - Winner!

Build Orders:  

Get SALT Encoding   

  12  0:00  Probe  
  13  0:12  Probe  
  14  0:17  Pylon  
  14  0:24  Probe (Chrono Boost)  
  15  0:36  Gateway, Probe (Chrono Boost)  
  16  0:44  Probe (Chrono Boost)  
  16  0:46  Assimilator  
  17  0:51  Probe  
  18  1:03  Probe (Chrono Boost)  
  19  1:04  Assimilator  
  19  1:09  Gateway  
  19  1:13  Probe (Chrono Boost)  
  20  1:18  Probe (Chrono Boost)  
  20  1:24  Cybernetics Core  
  21  1:29  Probe  
  22  1:34  Pylon  
  22  1:41  Probe  
  23  2:00  Adept x2  
  23  2:01  Warp Gate  
  27  2:05  Robotics Facility  
  27  2:15  Pylon  
  27  2:30  Stalker x2  
  31  2:39  Gateway  
  31  2:51  Warp Prism (Chrono Boost)  
  33  3:02  Stalker  
  35  3:17  Immortal (Chrono Boost)  
  39  3:27  Pylon  
  39  3:49  Immortal (Chrono Boost)  
  43  3:57  Pylon  
  43  4:04  Adept, Sentry  
  47  4:10  Pylon  
  47  4:26  Immortal (Chrono Boost)  
  47  4:31  Adept  
  53  4:34  Sentry  
  55  4:52  Adept x2  
  55  4:59  Pylon  
  47  5:20  Stalker x3  
Show
View Real Time Build Order
Export as new Build Order

Neeb Protoss 

Build Orders: Nexus First 

Get SALT Encoding   

  12  0:00  Probe  
  13  0:12  Probe  
  14  0:17  Pylon  
  14  0:24  Probe  
  15  0:36  Probe  
  16  0:48  Probe  
  17  0:57  Nexus  
  17  1:06  Gateway  
  17  1:10  Probe (Chrono Boost)  
  18  1:17  Assimilator  
  19  1:19  Probe (Chrono Boost)  
  19  1:24  Probe (Chrono Boost)  
  19  1:28  Assimilator  
  20  1:36  Probe  
  20  1:39  Gateway  
  21  1:48  Probe  
  22  1:55  Cybernetics Core  
  22  2:00  Probe (Chrono Boost)  
  23  2:11  Probe (Chrono Boost)  
  23  2:15  Probe (Chrono Boost)  
  25  2:17  Probe (Chrono Boost)  
  26  2:25  Probe  
  26  2:29  Probe  
  28  2:31  Stalker x2 (Chrono Boost)  
  32  2:40  Robotics Facility  
  32  2:52  Stalker x2 (Chrono Boost)  
  35  3:01  Probe  
  35  3:02  Pylon  
  35  3:03  Probe  
  37  3:17  Warp Gate  
  37  3:20  Shield Battery  
  37  3:28  Immortal (Chrono Boost)  
  41  3:34  Probe  
  41  3:37  Pylon  
  42  3:47  Probe  
  42  3:52  Probe  
  42  3:55  Immortal (Chrono Boost)  
  41  3:59  Stalker  
  47  4:05  Stalker  
  49  4:12  Pylon  
  49  4:15  Probe  
  49  4:16  Probe  
  50  4:27  Probe  
  50  4:28  Probe  
  50  4:30  Warp Prism (Chrono Boost)  
  52  4:36  Shield Battery  
  54  4:49  Probe  
  50  4:55  Shield Battery  
  53  5:04  Zealot  
  53  5:06  Zealot  
Tags
 
Event
TSL 9
Matchup
PvP
Spawn Locations
Cross Positions
Add a new tag
Caveats
  • Supply blocks, unpowered buildings, or Contaminate may cause inaccurate times.
  • Supply counts are checked every 10 seconds.